 Dungeon Crawl Stone Soup version 0.30-a0-509-gd016549fea (webtiles) character file.

Game seed: 4720086640512672259

36 kae the Firebug (level 3, -3/19 HPs)
             Began as a Tengu Fire Elementalist on Dec 22, 2022.
             Succumbed to Sigmund's poison
             ... on level 2 of the Dungeon.
             The game lasted 00:01:42 (1343 turns).

kae the Firebug (Tengu Fire Elementalist)           Turns: 1343, Time: 00:01:42

Health: -3/19      AC:  2    Str:  5 (8)  XL:     3   Next: 37%
Magic:  7/7        EV: 12    Int: 16 (17) God:
Gold:   110        SH:  0    Dex: 11 (14) Spells: 0/6 levels left

rFire   + . .      SeeInvis .    f - staff of fire {!a}
rCold   . . .      Faith    .    (no shield)
rNeg    . . .      Spirit   .    a - +0 robe
rPois   .          Reflect  .    (helmet restricted)
rElec   .          Harm     .    (no cloak)
rCorr   .          Rampage  .    (no gloves)
Will    .....                    (boots unavailable)
Stlth   ++........               (no amulet)
HPRegen 0.23/turn                (no ring)
MPRegen 0.10/turn                (no ring)

@: lethally poisoned (-3 -> -22), attractive, flying
A: beak, talons 3
a: no special abilities


You were on level 2 of the Dungeon.
You visited 1 branch of the dungeon, and saw 2 of its levels.

You collected 110 gold pieces.


Innate Abilities, Weirdness & Mutations

You have a beak for a mouth.
You have claws for feet.


   Skills:
 + Level 0.8 Staves
 - Level 2.1 Dodging
 - Level 2.0 Stealth
 + Level 2.2 Spellcasting
 * Level 2.6 Conjurations
 * Level 3.9 Fire Magic


You couldn't memorise any spells.
You knew the following spells:

 Your Spells              Type           Power      Damage    Failure   Level
a - Foxfire               Conj/Fire      72%        2x1d7     5%          1
b - Scorch                Fire           42%        2d7       6%          2
c - Inner Flame           Hex/Fire       12%        N/A       26%         3

Your spell library contained the following spells:

 Spells                   Type           Power      Damage    Failure   Level
 Sandblast                Erth           2%         2d4       21%         1
 Passwall                 Tmut/Erth      0%         N/A       30%         2
 Kindle Blastsparks       Fire/Tloc/Air  18%        2d11      34%         3
 Stone Arrow              Conj/Erth      12%        3d7       34%         3
 Flame Wave               Conj/Fire      18%        2d7       45%         4

Inventory:

Hand Weapons
 g - a +1 dagger
   (You took it off a goblin on level 1 of the Dungeon)
Missiles
 h - 2 atropa-tipped darts
 k - 14 stones
Armour
 a - a +0 robe (worn)
Magical Staves
 f - a staff of fire (weapon) {!a}
   (You found it on level 1 of the Dungeon)
Scrolls
 j - a scroll of vulnerability {unknown}
 l - a scroll of brand weapon {unknown}
 m - a scroll of identify {@r1}
Potions
 b - 2 potions of magic
 c - 2 potions of degeneration {!q}

Dungeon Overview and Level Annotations

Branches:
Dungeon (2/15) Zot: 10657

Altars:

Annotations:
D:2 Sigmund

##### ###### #....##
####.....
#......########....####
...............####
######(####....#####
..........####..###
########@.# ##...######
##.#######......###
#########
#@...#########....
#.......#
#.##.....^....####
#.#####.#
#.###########..... #.#
#.# #.# ##..........
#.#
#.####.#####..#########
#.#####........##..##
#....#####......>.###
####.####..#..#.....##
#.##...###.#####..####


You could see Sigmund.


Message History

You lost 1 mp, and now have 6/7 mp.
An endoplasm is nearby!
Casting: Foxfire (safe; 4% risk of failure)
Confirm with . or Enter, or press ? or * to list all spells.
You feel a surge of power!
You conjure some foxfire!
The foxfire hits the endoplasm. x2
You kill the endoplasm! 😎 MP[-1]
You lost 1 mp, and now have 5/7 mp.
Found a stone staircase leading down. 😎 MP[+2]
Your mp is fully restored (7).
Unknown command.
There is a stone staircase leading down here.
You now have 78 gold pieces (gained 18).
Found a stone staircase leading down.
Casting: Foxfire (safe; 4% risk of failure)
Confirm with . or Enter, or press ? or * to list all spells.
You feel a surge of power!
You conjure some foxfire! 😎 MP[-1]
You lost 1 mp, and now have 6/7 mp.
A quokka comes into view.
Found a stone staircase leading up. 😎 MP[+1]
Your mp is fully restored (7).
A quokka is nearby!
A quokka is nearby!
Casting: Foxfire (safe; 4% risk of failure)
Confirm with . or Enter, or press ? or * to list all spells.
You feel a surge of power!
You conjure some foxfire!
The foxfire hits the quokka. x2
You kill the quokka! 😎 MP[-1]
You lost 1 mp, and now have 6/7 mp.
You now have 86 gold pieces (gained 8).
c - 3 smoky red potions (gained 1)
You now have 100 gold pieces (gained 14).
You see here a +0 hand axe.
Key pressed, stopping explore.
Casting: Foxfire (safe; 4% risk of failure)
Confirm with . or Enter, or press ? or * to list all spells.
You feel a surge of power!
You conjure some foxfire!
You now have 110 gold pieces (gained 10).
Key pressed, stopping explore.
Unknown command. 😎 MP[+1]
Your mp is fully restored (7).
Sigmund the Dreaded comes into view.
He is wielding a +3 scythe of venom.
Sigmund shouts!
Sigmund moves out of view.
Unknown command.
You aren't carrying any items that you can evoke.
Unknown command.
Okay, then.
Sigmund gestures at you while chanting.
You are confused.
Unknown command.
Unknown command.
Unknown command.
It was a potion of degeneration.
There was something very wrong with that liquid.
You feel weakened.
You feel dopey.
You feel clumsy.
Sigmund says, "Don't worry, I'll kill you fast."
Unknown command.
Unknown command.
It was a potion of flight.
You feel very buoyant.
You fly up into the air.
Sigmund hits you from afar with a +3 scythe of venom!
Ouch! That really hurt!
* * * LOW HITPOINT WARNING * * *
😨 HP[-10]
You take 10 damage, and now have 9/19 hp.
MASSIVE DAMAGE!! (PAUSE) Unknown command.
It was a potion of attraction.
You feel attractive to monsters.
Sigmund is attracted toward you. 😮 HP[+1] Unknown command.
You feel much better.
Sigmund hits you with a +3 scythe of venom!
You are lethally poisoned! 😮 HP[+1] Unknown command.
You are too confused!
You are too confused!
Okay, then.
You bump into the rock wall.
You feel less confused.
* * * LOW HITPOINT WARNING * * *
You feel very sick.
Sigmund hits you with a +3 scythe of venom.
* * * LOW HITPOINT WARNING * * *
You are more poisoned. 😱 HP[-9]
You take 9 damage, and now have 2/19 hp.
MASSIVE DAMAGE!! (PAUSE) Unknown command.
You die...

Skill      XL: |  1 |
---------------+----+-----
Conjurations   | 2 |  2.6
Staves         | |  0.8
Dodging        | |  2.1
Stealth        | |  2.0
Spellcasting   | |  2.2
Fire Magic     | |  3.9

Action                   || total
-------------------------++-------
Melee: Unarmed           ||     5
       Peck              ||     3
       Kick              ||     1
       Staff             ||     2
 Cast: Foxfire           ||    47
       Scorch            ||     6
  Use: Scroll            ||     4
       Potion            ||     4
Armor: Robe              ||    17
Dodge: Dodged            ||    45

Levels and vault maps discovered:
D:1:      dpeg_arrival_more_subterranean_lakeside_camping, layout_basic,
          minmay_3d_cube
D:2:      layout_rooms, uniq_sigmund

Notes
Turn   | Place    | Note
-------+----------+-------------------------------------------
     0 | D:1      | kae the Tengu Fire Elementalist began the quest for the
                  | Orb.
     0 | D:1      | Reached XP level 1. HP: 10/10 MP: 4/4
     0 | D:1      | magus.rc [v1.11.3]
    21 | D:1      | You pick up a book of Geomancy and begin reading...
    21 | D:1      | You add the spells Sandblast, Passwall and Stone Arrow to
                  | your library.
   122 | D:1      | Reached skill level 2 in Conjurations
   122 | D:1      | Reached XP level 2. HP: 9/15 MP: 0/6
   403 | D:1      | Learned a level 2 spell: Scorch
   751 | D:1      | Reached XP level 3. HP: 19/19 MP: 4/7
   755 | D:1      | Learned a level 3 spell: Inner Flame
  1335 | D:2      | Noticed Sigmund
  1342 | D:2      | HP: 2/19 [Sigmund/+3 scythe of venom (6)]
  1343 | D:2      | Succumbed to Sigmund's poison

Vanquished Creatures
  A worm (D:2)
  2 dart slugs (D:1)
  2 endoplasms
  A giant cockroach (D:1)
  3 goblins (D:1)
  2 hobgoblins
  2 quokkas
  5 ball pythons
  7 bats
  A frilled lizard (D:1)
  A kobold (D:1)
  A rat (D:1)
28 creatures vanquished.

Vanquished Creatures (others)
  81 foxfires
81 creatures vanquished.

Grand Total: 109 creatures vanquished

Table legend:
 A = Non-vault XP
 B = Vault XP
 C = Vault XP percentage of total XP
 D = Non-vault monster count
 E = Vault monster count
 F = Vault count percentage of total count
                 A         B        C        D         E       F
            +---------+---------+-------+---------+---------+-------
      Total |      49 |       3 |   5.8 |      26 |       2 |   7.1
            +---------+---------+-------+---------+---------+-------
        D:1 |      35 |       3 |   7.9 |      20 |       2 |   9.1
        D:2 |      14 |       0 |   0.0 |       6 |       0 |   0.0
            +---------+---------+-------+---------+---------+-------

Illustrated notes

Table legend:
 A = Kills in this place as a percentage of kills in entire the game.
 B = Kills by you in this place as a percentage of kills by you in the entire game.
 C = Kills by friends in this place as a percentage of kills by friends in the entire game.
 D = Other kills in this place as a percentage of other kills in the entire game.
 E = Experience gained in this place as a percentage of experience gained in the entire game.
 F = Experience gained in this place divided by the number of levels of this place that you have seen.
                   A       B       C       D       E      F
               +-------+-------+-------+-------+-------+----------------------
         Total | 100.0 | 100.0 |   N/A |   N/A | 100.0 |  26.0
       Dungeon | 100.0 | 100.0 |   N/A |   N/A | 100.0 |  26.0
               +-------+-------+-------+-------+-------+----------------------

Table legend: (Time is in decaauts)
 A = Elapsed time spent in this place.
 B = Non-inter-level travel time spent in this place.
 C = Inter-level travel time spent in this place.
 D = Time resting spent in this place.
 E = Time spent auto-exploring this place.
 F = Levels seen in this place.
 G = Mean time per level.
                   A        B        C        D        E       F      G
               +--------+--------+--------+--------+--------+-----+--------+
         Total |   1342 |   1333 |      9 |      5 |   1084 |   2 |  671.0 |
       Dungeon |   1342 |   1333 |      9 |      5 |   1084 |   2 |  671.0 |
               +--------+--------+--------+--------+--------+-----+--------+

Top non-repeatable levels by time:
     D:1: 893 daAuts
     D:2: 448 daAuts
